 Dungeon Crawl Stone Soup version 0.20.1-1-g8b1a95d (webtiles) character file.

5751 Gelerth the Grappler (level 10, -2/92 HPs)
             Began as a Troll Berserker on Oct 25, 2017.
             Was an Elder of Trog.
             Slain by a four-headed hydra (8 damage)
             ... on level 1 of the Lair of Beasts.
             The game lasted 01:00:42 (5577 turns).

Gelerth the Grappler (Troll Berserker)              Turns: 5577, Time: 01:00:43

Health: -2/92      AC:  8    Str: 27    XL:     10   Next: 49%
Magic:  9/9        EV: 13    Int:  3    God:    Trog [****..]
Gold:   300        SH:  0    Dex: 12    Spells: 9/9 levels left

rFire    . . .     SeeInvis .     - Unarmed
rCold    . . .     Gourm    +   (no shield)
rNeg     + . .     Faith    .   a - +0 animal skin
rPois    .         Spirit   .   C - +1 hat
rElec    .         Reflect  .   i - +1 cloak
rCorr    .         Harm     .   (gloves unavailable)
MR       +....                  (boots unavailable)
Stlth    ++........             g - amulet of regeneration
Regen    1.1/turn               e - ring of positive energy
MPRegen  0.2/turn               t - ring of protection from magic

@: lethally poisoned (-2 -> -3), berserk cooldown, slowed, very slow
A: unfitting armour, claws 3, fast metabolism 3, gourmand, regeneration 1,
shaggy fur 1, tough skin 2
a: Berserk, Trog's Hand, Brothers in Arms, Burn Spellbooks, Renounce Religion


You were on level 1 of the Lair of Beasts.
You worshipped Trog.
Trog was greatly pleased with you.
You were very full.

You visited 3 branches of the dungeon, and saw 10 of its levels.

You collected 512 gold pieces.
You spent 212 gold pieces at shops.

Inventory:

Missiles
 u - 5 tomahawks
 E - a javelin (quivered)
Armour
 a - a +0 animal skin (worn)
 i - a +1 cloak (worn)
 C - a +1 hat (worn)
Jewellery
 e - a ring of positive energy (left claw)
 g - an amulet of regeneration (around neck)
 t - a ring of protection from magic (right claw)
Wands
 A - a wand of confusion (18/48)
 F - a wand of acid (8/15)
Scrolls
 d - 5 scrolls of teleportation
 j - 5 scrolls of magic mapping
 k - 2 scrolls of fear {unknown}
 l - 2 scrolls of recharging {unknown}
 m - 2 scrolls of fog {unknown}
 s - a scroll of blinking {unknown}
 v - a scroll of noise {unknown}
 y - a scroll of vulnerability {unknown}
 z - a scroll of enchant armour {unknown}
 D - 4 scrolls of remove curse
 G - a scroll of identify
Potions
 c - a potion of flight {unknown}
 h - 5 potions of curing
 n - 2 potions of resistance
 o - 4 potions of heal wounds
 q - a potion of cancellation
 r - a potion of degeneration {unknown}
 w - a potion of haste {unknown}
 x - a potion of berserk rage {unknown}
 B - a potion of lignification {unknown}
 H - a potion of brilliance {unknown}
 I - a potion of ambrosia {unknown}
Comestibles
 b - 8 bread rations
 f - 3 meat rations
 p - 4 royal jellies


   Skills:
 + Level 3.9 Fighting
 + Level 4.6 Throwing
 * Level 6.3 Dodging
 + Level 2.0 Stealth
 + Level 12.2 Unarmed Combat


You had 9 spell levels left.
You didn't know any spells.

Dungeon Overview and Level Annotations

Branches:
Dungeon (8/15)             Temple (1/1) D:6            Lair (1/6) D:8

Altars:
Cheibriados
Dithmenos
Elyvilon
Nemelex Xobeh
Okawaru
Qazlal
Ru
Sif Muna
Vehumet
Zin
The Shining One

Shops:
D:4 *   D:5 [   D:7 ?

Annotations:
D:5 Prince Ribbit


Innate Abilities, Weirdness & Mutations

You are too large for most types of armour.
You have claws for hands.
Your metabolism is lightning-fast.
You like to eat raw meat.
Your natural rate of healing is unusually fast.
You are covered in fur. (AC +1)
You have very tough skin. (AC +2)


Message History

The water moccasin closely misses you.
The four-headed hydra closely misses you.
The four-headed hydra bites you!
* * * LOW HITPOINT WARNING * * *
The four-headed hydra bites you.
* * * LOW HITPOINT WARNING * * *
The four-headed hydra bites you!
* * * LOW HITPOINT WARNING * * *
The water moccasin closely misses you.
You feel much better.
You feel sick.
The four-headed hydra closely misses you.
The four-headed hydra bites you!
The four-headed hydra barely misses you.
The four-headed hydra bites you!
* * * LOW HITPOINT WARNING * * *
The water moccasin bites you but does no damage.
The four-headed hydra bites you!
* * * LOW HITPOINT WARNING * * *
The four-headed hydra bites you!
You die...

....... ...
......... ...
.......... ..#
..........# ..#
..........##..#
...........#..#
..........D#S(#
..........@..##
..............#
####...#####.....
.......# #...#
.### .......#
#..## # .......#
##..#
.......###...#
........###..#
.......## #..#


You could see a four-headed hydra and a water moccasin.

Vanquished Creatures
  Gastronok (D:8)
  A two-headed ogre (D:8)
  Pikel (D:7)
  A komodo dragon (Lair:1)
  2 hippogriffs
  Menkaure (D:7)
  Duvessa (D:7)
  3 sky beasts
  A black bear (D:7)
  An ice beast (D:8)
  4 ogres
  A phantom (D:8)
  3 centaurs
  A big kobold (D:8)
  2 bullfrogs
  A gnoll sergeant (D:8)
  Dowan (D:7)
  A water moccasin skeleton (D:5)
  A scorpion (D:5)
  5 wights (D:8)
  A crimson imp (D:5)
  3 centaur zombies
  2 hounds
  3 orc wizards
  A gnoll shaman (D:4)
  2 iguanas
  5 worker ants
  A hound skeleton (D:4)
  A howler monkey skeleton (D:8)
  11 gnolls
  7 adders
  2 shadow imps
  An ooze (D:2)
  3 adder zombies
  2 adder skeletons
  3 worms
  5 dart slugs
  6 leopard geckos
  23 orcs
  4 bats
  6 giant cockroaches
  7 goblins
  3 hobgoblins
  9 kobolds
  A quokka (D:3)
  10 frilled lizards
  2 quokka skeletons
  5 rats
162 creatures vanquished.

Vanquished Creatures (others)
  3 slaves (D:7)
3 creatures vanquished.

Grand Total: 165 creatures vanquished

Notes
Turn   | Place    | Note
-------+----------+-------------------------------------------
     0 | D:1      | Gelerth the Troll Berserker began the quest for the Orb.
     0 | D:1      | Reached XP level 1. HP: 22/22 MP: 0/0
   157 | D:1      | Reached XP level 2. HP: 29/29 MP: 1/1
   403 | D:1      | Reached XP level 3. HP: 35/36 MP: 2/2
   414 | D:1      | Reached ** piety under Trog
   824 | D:2      | Reached skill level 4 in Unarmed Combat
   999 | D:2      | Reached XP level 4. HP: 41/44 MP: 3/3
  1296 | D:3      | Found a sacrificial altar of Ru.
  1514 | D:3      | Reached skill level 5 in Unarmed Combat
  1860 | D:4      | Reached XP level 5. HP: 50/50 MP: 4/4
  2008 | D:4      | Reached *** piety under Trog
  2097 | D:4      | Reached skill level 6 in Unarmed Combat
  2097 | D:4      | Reached XP level 6. HP: 49/59 MP: 5/5
  2445 | D:4      | Found a snail-covered altar of Cheibriados.
  2447 | D:4      | Found a white marble altar of Elyvilon.
  2448 | D:4      | Found a shadowy altar of Dithmenos.
  2448 | D:4      | Found a sparkling altar of Nemelex Xobeh.
  2449 | D:4      | Found an iron altar of Okawaru.
  2449 | D:4      | Found a radiant altar of Vehumet.
  2450 | D:4      | Found a stormy altar of Qazlal.
  2704 | D:4      | Found Aptoshreimi's Assorted Antiques.
  2885 | D:5      | Entered Level 5 of the Dungeon
  2988 | D:5      | Noticed Prince Ribbit
  3196 | D:5      | Noticed a hippogriff
  3198 | D:5      | Noticed a sky beast
  3201 | D:5      | Reached skill level 7 in Unarmed Combat
  3201 | D:5      | Reached XP level 7. HP: 66/66 MP: 6/6
  3206 | D:5      | Killed a hippogriff
  3206 | D:5      | Reached skill level 1 in Throwing
  3279 | D:5      | Reached skill level 8 in Unarmed Combat
  3323 | D:5      | Found Zoine's Antique Armour Shoppe.
  3327 | D:5      | Bought a glowing cloak for 135 gold pieces
  3442 | D:5      | Reached skill level 1 in Stealth
  3484 | D:5      | Found a white marble altar of Elyvilon.
  3492 | D:5      | Reached XP level 8. HP: 73/75 MP: 7/7
  3583 | D:6      | Found a glowing golden altar of the Shining One.
  3806 | D:6      | Reached skill level 9 in Unarmed Combat
  3946 | D:6      | Found a staircase to the Ecumenical Temple.
  3971 | Temple   | Entered the Ecumenical Temple
  4450 | D:7      | Noticed Menkaure
  4458 | D:7      | Killed Menkaure
  4515 | D:7      | Found a glowing silver altar of Zin.
  4648 | D:7      | Noticed Pikel
  4663 | D:7      | Killed Pikel
  4663 | D:7      | Reached skill level 5 in Dodging
  4663 | D:7      | Reached skill level 10 in Unarmed Combat
  4663 | D:7      | Reached XP level 9. HP: 83/83 MP: 8/8
  4675 | D:7      | Reached **** piety under Trog
  4757 | D:7      | Noticed Dowan
  4759 | D:7      | Noticed Duvessa
  4760 | D:7      | Found Wimoih's Magic Scroll Shoppe.
  4766 | D:7      | Killed Duvessa
  4768 | D:7      | Killed Dowan
  4779 | D:7      | Bought a scroll of identify for 22 gold pieces
  4779 | D:7      | Bought a scroll of identify for 22 gold pieces
  4779 | D:7      | Bought a scroll of remove curse for 33 gold pieces
  5153 | D:8      | Reached skill level 11 in Unarmed Combat
  5253 | D:8      | Noticed a two-headed ogre
  5260 | D:8      | Killed a two-headed ogre
  5313 | D:8      | Reached XP level 10. HP: 85/92 MP: 9/9
  5476 | D:8      | Noticed Gastronok
  5490 | D:8      | Killed Gastronok
  5490 | D:8      | Reached skill level 12 in Unarmed Combat
  5522 | D:8      | Found a staircase to the Lair.
  5527 | Lair:1   | Entered Level 1 of the Lair of Beasts
  5571 | Lair:1   | Noticed a four-headed hydra
  5577 | Lair:1   | Slain by a four-headed hydra

Skill      XL: |  1  2  3  4  5  6  7  8  9 10 |
---------------+-------------------------------+-----
Unarmed Combat | 4 5 6 7 8 10 11 12 | 12.2
Dodging        | 3 5 6 |  6.3
Fighting       | 3 |  3.9
Throwing       | 1 2 4 |  4.6
Stealth        | 1 2 |  2.0

Action                   |  1- 3 |  4- 6 |  7- 9 | 10-12 || total
-------------------------+-------+-------+-------+-------++-------
Melee: Unarmed           |    88 |   177 |   151 |    39 ||   455
       Punch             |       |     3 |    10 |     1 ||    14
Throw: Javelin           |       |    10 |    20 |     3 ||    33
       Tomahawk          |       |     6 |     8 |     1 ||    15
Invok: Berserk           |       |     4 |     7 |     3 ||    14
       Trog's Hand       |       |     3 |     1 |     1 ||     5
       Burn Spellbooks   |       |     1 |     1 |       ||     2
       Brothers in Arms  |       |       |       |     1 ||     1
  Use: Scroll            |       |     5 |     3 |       ||     8
       Potion            |       |       |       |     2 ||     2
 Stab: Sleeping          |     1 |       |       |       ||     1
       Distracted        |       |       |       |     1 ||     1
  Eat: Chunk             |    14 |    26 |    27 |     4 ||    71
Armor: Animal skin       |    35 |    46 |    33 |    10 ||   124
Dodge: Dodged            |    43 |    69 |    75 |    24 ||   211
